 Dungeon Crawl Stone Soup version 0.22.1-1-ga44c0e5 (webtiles) character file.

728 Loudmushroom the Shield-Bearer (level 7, 0/44 HPs)
             Began as a Gargoyle Fighter on Oct 6, 2018.
             Killed from afar by Pikel (17 damage)
             ... with a wand of acid (10)
             ... on level 5 of the Dungeon on Oct 7, 2018.
             The game lasted 00:39:44 (4835 turns).

Loudmushroom the Shield-Bearer (Gargoyle Fighter)   Turns: 4835, Time: 00:39:44

Health: 0/44       AC: 13    Str: 22    XL:     7   Next: 72%
Magic:  7/7        EV:  6    Int:  8    God:
Gold:   192        SH: 10    Dex:  9    Spells: 6/6 levels left

rFire    + . .     SeeInvis .   a - +1 war axe
rCold    . . .     Gourm    +   c - +0 shield
rNeg     + . .     Faith    .   j - +0 chain mail
rPois    ∞         Spirit   .   k - +2 helmet
rElec    +         Reflect  .   (no cloak)
rCorr    .         Harm     .   (no gloves)
MR       .....                  (no boots)
Stlth    ..........             w - amulet of the gourmand
HPRegen  0.14/turn              m - ring of protection from fire
MPRegen  0.10/turn              (no ring)

@: corroded
A: negative energy resistance 1, electricity resistance, unbreathing,
petrification resistance, rot immunity, AC +4
a: no special abilities


You were on level 5 of the Dungeon.
You were very full.

You visited 1 branch of the dungeon, and saw 6 of its levels.

You collected 192 gold pieces.

Inventory:

Hand Weapons
 a - a +1 war axe (weapon)
 b - a +0 hunting sling
 s - a +0 spear
 t - a +0 flail
 A - a +0 blowgun
 D - a +0 flail
Missiles
 e - 198 stones (quivered)
 r - 21 poisoned needles
 x - 93 sling bullets
 y - 50 bolts
Armour
 c - a +0 shield (worn)
 j - a +0 chain mail (worn)
 k - a +2 helmet (worn)
Jewellery
 m - a ring of protection from fire (left hand)
 q - an uncursed amulet of faith
 w - an amulet of the gourmand (around neck)
 z - an uncursed ring of magical power {unknown}
Scrolls
 i - 2 scrolls of identify
 l - 2 scrolls of remove curse
 n - a scroll of magic mapping
 v - 2 scrolls of teleportation
Potions
 d - a potion of might
 g - 4 potions of heal wounds
 h - 4 potions of curing
 p - 2 potions of resistance
 u - a potion of agility {unknown}
 B - a potion of flight
 C - a potion of berserk rage
Comestibles
 f - 10 rations
 o - 5 chunks of flesh


   Skills:
 + Level 5.1 Fighting
 * Level 5.0 Axes
 + Level 5.2 Armour
 + Level 5.2 Shields


You had 6 spell levels left.
You didn't know any spells.
Your spell library contained the following spells:

 Spells                   Type           Power        Failure   Level  Hunger
 Corona                   Hex            #......      100%        1    ##.....
 Slow                     Hex            #.......     100%        2    ###....
 Inner Flame              Hex/Fire       #.......     100%        3    ####...
 Portal Projectile        Hex/Tloc       #.....       100%        3    ####...
 Cause Fear               Hex            #.........   100%        4    #####..
 Leda's Liquefaction      Hex/Erth       #.........   100%        4    #####..


Dungeon Overview and Level Annotations

Branches:
Dungeon (6/15)
 Temple: D:4-7

Altars:
Trog

Annotations:
D:5 Pikel


Innate Abilities, Weirdness & Mutations

You are resistant to torment.
Your stone body is resilient. (AC +4)
You are immune to poison.
You resist negative energy. (rN+)
You are resistant to electric shocks. (rElec)
You can survive without breathing.
You are immune to petrification.
You are immune to rotting.


Message History

o - 5 chunks of flesh (gained 3)
You see here an animal skin.
You see here a chain mail.
A slave comes into view.
Pikel shouts!
You see here a notched coral ring.
z - a notched coral ring A slave comes into view.
The slave shouts!
Pikel zaps a wand.
The bolt of acid hits you! The acid corrodes you!
You are splashed with acid!
The acid burns!
It is a wand of acid (10).
You see here an animal skin.
There is a stone staircase leading up here.
You block Pikel's attack. The slave hits you but does no damage.
The slave hits you.
You climb upwards.
There is a stone staircase leading down here.
Your shield and chain mail prevent you from hitting Pikel.
You hit the slave. x2; Pikel zaps a wand.
The bolt of acid hits you!
You die...

##########
.#..<....#
.#.#####.# .#.# #.#
...# #.# ##.#
#.##########
##.#####.##.....@K#
##.......##....pp.#
#####.#####.......#
# #.............# #
#######.......#
###### #.......#
.....######..>....#
.##.......####.####
..#..####.# #.#


You could see Pikel and 2 slaves.

Vanquished Creatures
  An ice beast (D:3)
  A slave (D:6)
  Blork the orc (D:6)
  A crimson imp (D:5)
  An orc priest (D:5)
  An orc wizard (D:5)
  3 hounds
  2 iguanas (D:5)
  Jessica (D:2)
  4 worker ants
  A hound zombie (D:6)
  4 gnolls (D:5)
  3 adders
  A shadow imp (D:5)
  An ooze (D:5)
  7 worms
  2 dart slugs
  2 leopard geckos
  7 orcs
  A ball python (D:2)
  4 giant cockroaches
  2 goblins
  7 hobgoblins
  14 jackals
  2 quokkas
  6 bats
  7 frilled lizards
  5 kobolds
  A leopard gecko zombie (D:5)
  A quokka skeleton (D:6)
  6 rats
100 creatures vanquished.

Notes
Turn   | Place    | Note
-------+----------+-------------------------------------------
     0 | D:1      | Loudmushroom the Gargoyle Fighter began the quest for the
                  | Orb.
     0 | D:1      | Reached XP level 1. HP: 14/14 MP: 1/1
   103 | D:1      | Reached XP level 2. HP: 19/19 MP: 2/2
   575 | D:2      | Reached XP level 3. HP: 20/23 MP: 3/3
   929 | D:2      | Noticed Jessica
   937 | D:2      | Killed Jessica
   937 | D:2      | Reached XP level 4. HP: 21/29 MP: 4/4
  1579 | D:3      | Noticed an ice beast
  1594 | D:3      | Killed an ice beast
  1594 | D:3      | Reached XP level 5. HP: 19/33 MP: 5/5
  2413 | D:4      | Reached XP level 6. HP: 31/38 MP: 6/6
  2818 | D:4      | Found a bloodstained altar of Trog.
  3199 | D:5      | Entered Level 5 of the Dungeon
  3779 | D:5      | Reached XP level 7. HP: 44/44 MP: 7/7
  4092 | D:5      | Reached skill level 5 in Shields
  4107 | D:5      | Reached skill level 5 in Armour
  4450 | D:5      | Reached skill level 5 in Fighting
  4615 | D:6      | Noticed Blork the orc
  4625 | D:6      | Killed Blork the orc
  4625 | D:6      | Reached skill level 5 in Axes
  4783 | D:6      | Noticed Pikel
  4835 | D:5      | Killed from afar by Pikel

Skill      XL: |  1  2  3  4  5  6  7 |
---------------+----------------------+-----
Axes           | 2 3 4 5 |  5.0
Fighting       | 4 5 |  5.1
Armour         | 4 5 |  5.2
Shields        | 4 5 |  5.2

Action                   |  1- 3 |  4- 6 |  7- 9 || total
-------------------------+-------+-------+-------++-------
Melee: War axe           |   105 |   164 |    94 ||   363
  Use: Scroll            |       |    13 |     3 ||    16
  Eat: Chunk             |       |    20 |     4 ||    24
Armor: Scale mail        |    57 |    37 |       ||    94
       Chain mail        |       |    41 |    48 ||    89
Dodge: Dodged            |    52 |    57 |    21 ||   130
Block: Shield            |    64 |    90 |    56 ||   210
